 Dungeon Crawl Stone Soup version 0.16-a0-787-g31dbbe7 (console) character file.

63 Kellhus the Ruinous (level 4, 24/24 HPs)
             Began as a Gargoyle Wizard on Sept 27, 2014.
             Quit the game on Level 2 of the Dungeon.
             The game lasted 00:02:44 (2054 turns).

Kellhus the Ruinous (Gargoyle Wizard)               Turns: 2054, Time: 00:02:45

HP  24/24        AC  7     Str 11      XL: 4   Next:  9%
MP   0/9         EV 11     Int 19      God:
Gold 56          SH  0     Dex  8      Spells:  1 memorised,  8 levels left

rFire  . . .     SeeInvis .     (no weapon)
rCold  . . .     Clarity  .     a - +0 robe
rNeg   + . .     rCorr    .     (no shield)
rPois  +         rRot     +     b - +0 hat
rElec  +         Spirit   .     e - +1 cloak
SustAb .         Warding  .     (no gloves)
rMut   .         Stasis   .     (no boots)
Gourm  +                        i - amulet of the gourmand
MR     .....                    (no ring)
                                j - cursed ring of teleport control

@: not resistant to hostile enchantments, unstealthy
A: negative energy resistance 1, electricity resistance, unbreathing,
petrification resistance, rot immunity, AC +3
a: Evoke Teleport Control


You were on level 2 of the Dungeon.
You were not hungry.

You visited 1 branch of the dungeon, and saw 2 of its levels.

You collected 56 gold pieces.

Inventory:

Armour
 a - a +0 robe (worn)
 b - a +0 hat (worn)
 e - a +1 cloak (worn)
Comestibles
 d - 2 bread rations
 k - a royal jelly
Jewellery
 i - an amulet of the gourmand (around neck)
 j - a cursed ring of teleport control (left hand)
Potions
 f - a potion of curing
 g - a potion of heal wounds
 h - a potion of might {unknown}
 l - a potion of mutation {unknown}
Books
 c - a book of Minor Magic

   Spells                             Type                      Level
   *Magic Dart                        Conjuration                  1
   Blink                              Translocation                2
   Call Imp                           Summoning                    2
   Repel Missiles                     Charms/Air                   2
   Slow                               Hexes                        2
   Conjure Flame                      Conjuration/Fire             3
   Mephitic Cloud                     Conjuration/Poison/Air       3


   Skills:
 - Level 1.5 Dodging
 - Level 2.1 Stealth
 - Level 3.0 Spellcasting
 + Level 4.1 Conjurations
   Level 0.8 Summonings
   Level 0.8 Translocations


You had 8 spell levels left.
You knew the following spells:

 Your Spells              Type           Power        Failure   Level  Hunger
a - Magic Dart            Conj           ###.         3%          1    None


Dungeon Overview and Level Annotations

Branches:
Dungeon (2/15)

Altars:


Innate Abilities, Weirdness & Mutations

You are resistant to torment.
You are immune to poison.
Your stone body is very resilient (AC +3).
You resist negative energy.
You are resistant to electric shocks.
You can survive without breathing.
You are immune to petrification.
You are immune to rotting.


Message History

The worm is severely wounded.
Casting: Magic Dart
Confirm with . or Enter, or press ? or * to list all spells.
Aiming: Magic Dart
Press: ? - help, Shift-Dir - straight line, f/p - worm
Aim: a worm (severely wounded)
The magic dart hits the worm.
The worm is almost dead.
Casting: Magic Dart
Confirm with . or Enter, or press ? or * to list all spells.
Aiming: Magic Dart
Press: ? - help, Shift-Dir - straight line, f/p - worm
Aim: a worm (almost dead)
The magic dart hits the worm.
You kill the worm!
You have reached level 4!
You feel stronger.
Casting: Magic Dart
Confirm with . or Enter, or press ? or * to list all spells.
You don't have enough magic to cast that spell.
Are you sure you want to abandon this character and quit the game? (Confirm with "yes".)

#############....
#.......@........
##.##########....
#.# #.# #.# #.#
#.# #.# #.#


There were no monsters in sight!

Vanquished Creatures
  2 worms (D:2)
  9 bats
  5 giant cockroaches
  4 goblins (D:1)
  6 hobgoblins
  8 jackals (D:1)
  6 kobolds
  2 quokkas (D:2)
  3 rats (D:1)
45 creatures vanquished.

Notes
Turn   | Place    | Note
--------------------------------------------------------------
     0 | D:1      | Kellhus, the Gargoyle Wizard, began the quest for the Orb.
     0 | D:1      | Reached XP level 1. HP: 10/10 MP: 4/4
   113 | D:1      | Reached XP level 2. HP: 9/15 MP: 0/6
   543 | D:1      | Reached XP level 3. HP: 19/19 MP: 1/7
  1709 | D:2      | Reached skill level 4 in Conjurations
  2053 | D:2      | Reached XP level 4. HP: 24/24 MP: 0/9
  2054 | D:2      | Quit the game

Action                   |  1- 3 |  4- 6 || total
-------------------------+-------+-------++-------
Melee: Unarmed           |    36 |       ||    36
 Cast: Magic Dart        |   107 |     1 ||   108
  Use: Scroll            |     2 |       ||     2
  Eat: Chunk             |     7 |       ||     7
